 Dungeon Crawl Stone Soup version 0.24.0-29-g8ce449bc06 (console) character file.

Game seed: 9256713030098187600, levelgen mode: deterministic

101542 AlterAsc the Black Belt (level 16, -8/87 HPs)
             Began as a Vine Stalker Transmuter on Nov 13, 2019.
             Was the Champion of Kikubaaqudgha.
             Mangled by a thorn hunter (11 damage)
             ... on level 2 of the Swamp on Nov 14, 2019.
             The game lasted 02:34:20 (27473 turns).

AlterAsc the Black Belt (Vine Stalker Transmuter)  Turns: 27473, Time: 02:34:21

Health: -8/87      AC: 11    Str: 17    XL:     16   Next: 30%
Magic:  0/27       EV: 15    Int:  8    God:    Kikubaaqudgha [******]
Gold:   2027       SH:  0    Dex: 18    Spells: 9/29 levels left

rFire    + + .     SeeInvis .     - Unarmed
rCold    + . .     Gourm    .   (no shield)
rNeg     . . .     Faith    .   n - +0 swamp dragon scales
rPois    +         Spirit   +   (no helmet)
rElec    +         Reflect  .   L - scarf {repulsion}
rCorr    +         Harm     .   m - +2 pair of gloves
MR       ++...                  (no boots)
Stlth    +.........             r - amulet of regeneration
HPRegen  1.44/turn              D - ring of wizardry
MPRegen  0.20/turn              M - ring "Notax" {rElec rF++ rC+ rCorr Int-5}

@: death channel, repel missiles, very slow
A: fangs 3, regeneration 2, magic shield, antimagic bite, no potion heal 3, rot
immunity
a: Receive Corpses, Torment, Renounce Religion


You were on level 2 of the Swamp.
You worshipped Kikubaaqudgha.
Kikubaaqudgha was exalted by your worship.
You were not hungry.

You visited 5 branches of the dungeon, and saw 27 of its levels.
You also visited: Sewer.

You collected 3031 gold pieces.
You spent 1004 gold pieces at shops.

Inventory:

Missiles
 a - 495 arrows
Armour
 m - a +2 pair of gloves (worn)
 n - +0 swamp dragon scales (worn)
 u - a +2 robe of positive energy
 y - the +3 leather armour of the Wilderness {rElec rC+ rN+}
   (You found it on level 5 of the Dungeon)

   It protects you from cold.
   It insulates you from electricity.
   It protects you from negative energy.
 H - a +1 cloak
 L - a scarf of repulsion (worn)
 O - a +1 leather armour of fire resistance
 R - +0 ice dragon scales
Magical Staves
 b - an uncursed staff of death
Jewellery
 k - the ring of Xom's Bemusement {rPois rC- MR++ Str+4 Dex-3 SInv}
   (You found it on level 2 of the Swamp)

   [ring of strength]

   It affects your strength (+4).
   It affects your dexterity (-3).
   It makes you vulnerable to cold.
   It protects you from poison.
   It affects your resistance to hostile enchantments.
   It lets you see invisible.
 r - an amulet of regeneration (around neck)
 w - an uncursed ring of magical power
 B - an uncursed ring of protection from cold
 D - a ring of wizardry (left hand)
 F - an uncursed ring of flight
 M - the ring "Notax" (right hand) {rElec rF++ rC+ rCorr Int-5}
   (You found it on level 2 of the Swamp)

   [ring of resist corrosion]

   It affects your intelligence (-5).
   It greatly protects you from fire.
   It protects you from cold.
   It insulates you from electricity.
   It provides partial protection from all sources of acid and corrosion.
 P - a cursed -3 ring of evasion
 X - an uncursed ring of positive energy
Wands
 C - a wand of polymorph (8)
 I - a wand of flame (48)
 J - a wand of acid (8)
 K - a wand of enslavement (12)
 Q - a wand of paralysis (8)
 V - a wand of random effects (23)
 W - a wand of scattershot (3)
 Y - a wand of disintegration (11)
Scrolls
 c - 9 scrolls of remove curse
 e - 5 scrolls of enchant weapon
 g - 4 scrolls of identify
 i - 4 scrolls of teleportation
 j - 3 scrolls of enchant armour
 v - 9 scrolls of amnesia
 x - 3 scrolls of vulnerability
 A - a scroll of immolation
 N - 2 scrolls of fear
 S - 2 scrolls of torment {unknown}
 T - 3 scrolls of fog {unknown}
 U - a scroll of summoning {unknown}
Potions
 f - 10 potions of curing
 h - 3 potions of berserk rage
 l - 3 potions of lignification {unknown}
 o - 6 potions of flight {unknown}
 p - 5 potions of heal wounds
 q - a potion of degeneration {unknown}
 s - 2 potions of haste {unknown}
 t - 3 potions of magic {unknown}
 z - 6 potions of might
 G - a potion of cancellation {unknown}
Comestibles
 d - 28 rations


   Skills:
 + Level 11.3 Fighting
 + Level 4.3 Armour
 + Level 6.4 Dodging
 * Level 16.3 Unarmed Combat
 + Level 7.3 Spellcasting
 - Level 12.5 Necromancy
 - Level 9.2 Transmutations
 - Level 6.0 Evocations


You had 9 spell levels left.
You knew the following spells:

 Your Spells              Type           Power        Failure   Level  Hunger
a - Beastly Appendage     Tmut           ###...       1%          1    None
b - Sticks to Snakes      Tmut           ###.....     1%          2    ##.....
c - Blade Hands           Tmut           ###.......   9%          5    ######.
d - Agony                 Necr           ###.....     2%          5    ######.
e - Death Channel         Necr           ###.......   13%         6    #######
f - Animate Skeleton      Necr           N/A          1%          1    None

Your spell library contained the following spells:

 Spells                   Type           Power        Failure   Level  Hunger
 Pain                     Necr           ###.         1%          1    None
 Corpse Rot               Necr           N/A          1%          2    ##.....
 Sublimation of Blood     Necr           ###.......   1%          2    ##.....
 Vampiric Draining        Necr           ###.......   1%          3    ###....
 Dispel Undead            Necr           ###.....     2%          5    ######.
 Spider Form              Tmut/Pois      ##........   6%          3    ###....
 Ignite Poison            Fire/Tmut/Pois #.......     12%         3    ###....
 Corona                   Hex            #......      16%         1    None
 Flame Tongue             Conj/Fire      #....        16%         1    None
 Summon Butterflies       Summ           #.......     16%         1    None
 Ice Form                 Ice/Tmut       ##......     21%         4    ####...
 Ensorcelled Hibernation  Hex/Ice        #.....       22%         2    ##.....
 Throw Flame              Conj/Fire      #.....       22%         2    ##.....
 Bolt of Draining         Conj/Necr      ##........   30%         5    ######.
 Borgnjor's Vile Clutch   Necr/Erth      ##........   30%         5    ######.
 Excruciating Wounds      Chrm/Necr      ##........   30%         5    ######.
 Call Canine Familiar     Summ           #.......     38%         3    ###....
 Confuse                  Hex            #.......     38%         3    ###....
 Conjure Flame            Conj/Fire      #.......     38%         3    ###....
 Dazzling Spray           Conj/Hex       #.....       38%         3    ###....
 Inner Flame              Hex/Fire       #.......     38%         3    ###....
 Tukima's Dance           Hex            #.......     38%         3    ###....
 Yara's Violent Unravell  Hex/Tmut       ##........   50%         5    ######.
 Cause Fear               Hex            #.........   78%         4    ####...
 Sticky Flame             Conj/Fire      #.......     78%         4    ####...
 Summon Ice Beast         Ice/Summ       #.......     78%         4    ####...
 Simulacrum               Ice/Necr       ##........   83%         6    #######
 Fireball                 Conj/Fire      #.........   98%         5    ######.
 Silence                  Hex/Air        #.........   98%         5    ######.
 Summon Mana Viper        Hex/Summ       #.......     98%         5    ######.
 Borgnjor's Revivificati  Necr           ###.......   99%         8    #######
 Infestation              Necr           ###.......   99%         8    #######
 Bolt of Fire             Conj/Fire      #.........   100%        6    #######
 Deflect Missiles         Chrm/Air       #.........   100%        6    #######
 Haunt                    Necr/Summ      ##........   100%        7    #######
 Malign Gateway           Summ/Tloc      #.........   100%        7    #######
 Monstrous Menagerie      Summ           #.........   100%        7    #######
 Ring of Flames           Chrm/Fire      #.........   100%        7    #######
 Summon Greater Demon     Summ           #.........   100%        7    #######
 Summon Hydra             Summ           #.........   100%        7    #######
 Death's Door             Chrm/Necr      ##........   100%        8    #######
 Discord                  Hex            #.........   100%        8    #######
 Ignition                 Fire           #.........   100%        8    #######
 Necromutation            Tmut/Necr      ###.......   100%        8    #######
 Summon Horrible Things   Summ           #.........   100%        8    #######


Dungeon Overview and Level Annotations

Branches:
Dungeon (15/15)            Temple (1/1) D:5            Lair (6/6) D:10
  Swamp (3/4) Lair:2       Spider (0/4) Lair:3        Slime (0/5) Lair:5
    Orc (2/2) D:10            Elf (0/3) Orc:2        Vaults (0/5) D:14
 Depths (0/5) D:15          Sewer (visited)

Altars:
Ashenzari
Cheibriados
Dithmenos
Elyvilon
Fedhas
Gozag
Hepliaklqana
Kikubaaqudgha
Makhleb
Nemelex Xobeh
Okawaru
Qazlal
Sif Muna
Trog
Uskayaw
Vehumet
Wu Jian
Xom
Yredelemnul
Zin
The Shining One
Beogh
Jiyva

Shops:
D:6 [   D:11 ?   Orc:2 (?*}

Portals:
Trove: D:14 (give 5 potions of resistance)

Annotations:
D:13 1 exclusion, Rupert


Innate Abilities, Weirdness & Mutations

You have razor-sharp teeth.
You heal very quickly.
When hurt, damage is shared between your health and your magic reserves.
Your bite disrupts and absorbs the magic of your enemies.
Potions cannot restore your health.
You are immune to rotting.


Message History

The alligator tail-slaps you.
* * * LOW HITPOINT WARNING * * *
The thorn hunter barely misses you. The thorn hunter hits you.
* * * LOW HITPOINT WARNING * * *
The alligator bites you.
* * * LOW HITPOINT WARNING * * *
The alligator tail-slaps you!
* * * LOW HITPOINT WARNING * * *
Things that are here:
a +0 robe; a +0 quarterstaff
Okay, then.
Okay, then.
Okay, then.
As you read the scroll of fear, it crumbles to dust.
You assume a fearsome visage.
The alligator looks frightened!
The thorn hunter is unaffected.
The thorn hunter hits you.
* * * LOW HITPOINT WARNING * * *
The thorn hunter hits you!
You die...
Kikubaaqudgha rasps: "You have failed me!
Welcome... death!"

♣≈.♣♣♣♣♣ ♣.≈§♣ #...©.?.# ≈≈≈♣
♣.≈≈♣ ######### ≈≈.♣ ♣♣.♣≈♣
####### ...♣ ♣..≈.♣ ##########
≈≈.♣ ♣.≈≈.♣ ♣♣≈..©..♣≈♣ ≈≈.♣
♣♣≈≈≈.♣ ♣......≈≈≈. ≈♣.♣ ♣≈≈...♣
♣♣.≈..≈.♣♣♣. ≈≈≈♣
♣♣≈≈...♣♣♣♣♣♣...≈.≈.♣♣♣≈
♣≈≈♣♣♣♣♣♣♣..≈≈≈≈@......≈≈≈....♣♣≈
≈≈.≈≈...≈≈.≈≈≈≈tf≈≈♣≈≈≈≈≈.≈≈≈.♣♣♣
≈♣≈≈≈≈♣≈≈≈..[.≈<.≈≈≈♣♣♣...≈≈≈....
≈♣≈≈♣≈≈≈≈≈≈......≈♣..≈≈.≈..≈≈≈≈≈≈
..≈.≈≈.≈≈≈....≈..≈≈.≈≈≈≈≈≈.≈≈≈≈≈≈
♣♣♣♣♣♣♣♣♣♣♣♣♣♣♣♣.≈≈.♣≈§≈≈≈.≈...≈≈
♣ ♣♣♣♣...).≈≈≈≈≈.♣♣♣
♣♣♣♣♣.....≈...♣ ♣♣♣♣♣≈≈....


You could see a thorn hunter and an alligator (fleeing).

Vanquished Creatures
  Jorgrun (Orc:2)
  2 thorn hunters (Swamp:2)
  A dire elephant (Lair:6)
  A fire dragon (D:15)
  4 hydras
  An ice dragon (D:15)
  3 vault guards (D:14)
  2 catoblepae
  2 centaur warriors
  7 two-headed ogres
  Erica (Lair:2)
  3 alligators (Swamp:2)
  A deep troll shaman (Lair:6)
  A tengu warrior (D:10)
  6 death yaks (Lair:6)
  Sonja (D:10)
  4 unseen horrors
  2 spriggan druids (Swamp:2)
  5 swamp dragons
  A wizard (D:14)
  An orc knight (Orc:1)
  5 deep elf magi
  An orc sorcerer (D:14)
  11 ugly things
  3 cyclopes
  9 elephants (Lair:6)
  A manticore (D:15)
  4 black mambas
  19 spiny frogs
  4 gargoyles
  2 kobold demonologists
  2 rime drakes
  11 komodo dragons
  An efreet (D:13)
  2 yaktaurs
  An ice devil (Orc:2)
  A tengu conjurer (D:13)
  10 trolls
  4 hornets
  3 polar bears
  5 tyrant leeches
  A harpy skeleton (D:15)
  A meliai zombie (D:13)
  6 bog bodies
  3 blink frogs (Lair:4)
  9 dream sheep
  12 slime creatures
  8 hippogriffs
  2 spriggans (Lair:3)
  A centaur simulacrum (D:15)
  27 yaks
  2 shadows
  A vampire (D:11)
  A wyvern (D:8)
  Eustachio (D:6)
  3 basilisks
  3 vampire mosquitoes (Swamp:2)
  2 hungry ghosts
  6 swamp worms
  Menkaure (D:4)
  Duvessa (D:7)
  A soldier ant (D:12)
  7 porcupines
  19 water moccasins
  A phantom (D:9)
  5 swamp drakes
  2 ice beasts
  A hornet zombie (D:13)
  2 sky beasts
  7 black bears
  2 eyes of draining
  21 orc warriors
  A necrophage (D:13)
  15 wolves
  18 ogres
  8 centaurs
  21 crocodiles
  2 big kobolds
  23 bullfrogs
  2 gnoll sergeants (D:7)
  A wyvern skeleton (D:11)
  Dowan (D:7)
  2 scorpions
  6 killer bees
  A vampire bat (D:3)
  9 wights
  A centaur zombie (D:9)
  6 crimson imps
  A quasit (D:14)
  2 bullfrog skeletons
  2 bullfrog zombies (D:7)
  5 hounds
  6 jellies
  11 centaur skeletons
  2 gnoll shamans
  15 orc priests
  22 orc wizards
  5 iguanas
  8 worker ants
  A killer bee zombie (D:7)
  A hound skeleton (D:4)
  A hound zombie (D:6)
  A howler monkey skeleton (D:6)
  2 worker ant zombies
  21 gnolls
  13 adders
  2 river rats (Sewer)
  4 shadow imps
  An ooze (D:3)
  An adder skeleton (D:6)
  3 worms
  3 dart slugs
  A leopard gecko (D:11)
  56 orcs
  12 bats
  7 giant cockroaches
  8 goblins
  4 hobgoblins
  7 jackals
  10 quokkas
  5 ball pythons
  5 frilled lizards
  A jackal skeleton (D:4)
  17 kobolds
  A leopard gecko zombie (D:8)
  A quokka skeleton (D:4)
  13 rats
706 creatures vanquished.

Vanquished Creatures (collateral kills)
  A tentacled monstrosity (Swamp:1)
  A vault guard (D:14)
  A hydra (D:13)
  A centaur warrior (D:13)
  5 two-headed ogres
  2 ogre magi (Orc:2)
  2 deep trolls (Orc:2)
  An ugly thing (D:13)
  An orc knight (D:14)
  A cyclops (Orc:2)
  A centaur zombie (D:13)
  An ice devil (Orc:2)
  A komodo dragon (D:13)
  A kobold demonologist (D:13)
  3 trolls (Orc:2)
  A hornet (Swamp:1)
  3 slime creatures (Swamp:1)
  2 hippogriffs (D:13)
  A spriggan (Swamp:1)
  2 bog bodies
  4 swamp worms
  A swamp drake (Swamp:1)
  8 ogres
  2 centaurs
  An electric eel (D:14)
  A wight (D:13)
  2 crimson imps (D:13)
  3 hounds
  4 orc priests
  A bullfrog skeleton (D:13)
  An orc wizard (D:13)
  2 gnolls (Orc:2)
  A shadow imp (D:13)
  5 orcs
  A rat (Sewer)
  2 fungi (Swamp:1)
71 creatures vanquished.

Vanquished Creatures (others)
  A bush (Lair:6)
  6 fungi
  8 plants
15 creatures vanquished.

Grand Total: 792 creatures vanquished

Notes
Turn   | Place    | Note
-------+----------+-------------------------------------------
     0 | D:1      | AlterAsc the Vine Stalker Transmuter began the quest for
                  | the Orb.
     0 | D:1      | Reached XP level 1. HP: 9/9 MP: 4/4
    10 | D:1      | Reached skill level 1 in Fighting
   347 | D:1      | Reached XP level 2. HP: 14/14 MP: 4/6
   769 | D:1      | Learned a level 2 spell: Sticks to Snakes
   914 | D:1      | Reached XP level 3. HP: 18/18 MP: 5/7
  1589 | D:2      | Noticed an ogre
  1723 | D:2      | Found a burning altar of Makhleb.
  1730 | D:2      | Gained mutation: Your natural rate of healing is unusually
                  | fast. [Vine Stalker growth]
  1730 | D:2      | Reached XP level 4. HP: 15/22 MP: 5/9
  2397 | D:3      | Found a snail-covered altar of Cheibriados.
  2414 | D:3      | Found a glowing drain.
  2442 | Sewer    | Entered a sewer
  2520 | Sewer    | Noticed a big kobold
  2532 | Sewer    | Reached XP level 5. HP: 25/26 MP: 8/10
  2540 | Sewer    | Killed a big kobold
  2579 | Sewer    | Found a white marble altar of Elyvilon.
  2781 | D:3      | Learned a level 5 spell: Blade Hands
  2858 | D:3      | Reached skill level 4 in Unarmed Combat
  2875 | D:3      | Reached XP level 6. HP: 28/31 MP: 9/11
  3097 | D:3      | Found a glowing golden altar of the Shining One.
  3204 | D:3      | Found a sparkling altar of Nemelex Xobeh.
  3315 | D:4      | Noticed Menkaure
  3641 | D:4      | Reached skill level 5 in Transmutations
  3641 | D:4      | Reached XP level 7. HP: 29/35 MP: 12/12
  3744 | D:4      | Killed Menkaure
  3924 | D:4      | Reached skill level 5 in Unarmed Combat
  4375 | D:5      | Entered Level 5 of the Dungeon
  4507 | D:5      | Gained mutation: You have razor-sharp teeth. [Vine Stalker
                  | growth]
  4507 | D:5      | Reached XP level 8. HP: 42/42 MP: 13/13
  4612 | D:5      | Found a glowing silver altar of Zin.
  4773 | D:5      | Found a staircase to the Ecumenical Temple.
  4788 | D:5      | Got a crude leather armour
  4799 | D:5      | Identified the +3 leather armour of the Wilderness {rElec
                  | rC+ rN+} (You found it on level 5 of the Dungeon)
  4818 | D:5      | Found a shattered altar of Ashenzari.
  5559 | D:6      | Found a stormy altar of Qazlal.
  5616 | D:6      | Reached skill level 6 in Unarmed Combat
  5842 | D:6      | Reached XP level 9. HP: 46/46 MP: 14/14
  5995 | D:6      | Reached skill level 7 in Unarmed Combat
  6000 | D:6      | Reached skill level 5 in Fighting
  6023 | D:6      | Noticed Eustachio
  6024 | D:6      | Found Kufuodd's Armour Boutique.
  6052 | D:6      | Killed Eustachio
  6308 | Temple   | Entered the Ecumenical Temple
  6494 | Temple   | Became a worshipper of Kikubaaqudgha
  6728 | D:7      | Noticed Duvessa
  6728 | D:7      | Noticed Dowan
  6852 | D:7      | Killed Dowan
  6980 | D:7      | Killed Duvessa
  7220 | D:7      | Reached skill level 8 in Unarmed Combat
  7925 | D:8      | Reached * piety under Kikubaaqudgha
  7925 | D:8      | Identified Kikubaaqudgha's Handbook of Necromancy
                  | (Kikubaaqudgha gifted it to you on level 8 of the Dungeon)
  7925 | D:8      | Received a gift from Kikubaaqudgha
  8000 | D:8      | Found a bloodstained altar of Trog.
  8002 | D:8      | Found a radiant altar of Vehumet.
  8439 | D:8      | Found a white marble altar of Elyvilon.
  8468 | D:8      | Reached skill level 1 in Necromancy
  8470 | D:8      | Reached XP level 10. HP: 43/53 MP: 17/17
  8472 | D:8      | Reached skill level 9 in Unarmed Combat
  9415 | D:10     | Entered Level 10 of the Dungeon
  9425 | D:10     | Reached ** piety under Kikubaaqudgha
  9433 | D:10     | Found a staircase to the Lair.
  9453 | D:10     | Reached skill level 5 in Spellcasting
  9484 | D:10     | Killed an unseen horror
  9484 | D:10     | Reached skill level 1 in Evocations
  9526 | D:10     | Noticed Sonja
  9526 | D:10     | You fall into a shaft and drop 1 floor!
  9553 | D:11     | Reached skill level 10 in Unarmed Combat
  9639 | D:11     | Found Fudoiree's Magic Scroll Shop.
  9642 | D:11     | Bought a scroll of blinking for 112 gold pieces
  9660 | D:11     | Noticed a two-headed ogre
  9669 | D:11     | Killed a two-headed ogre
  9767 | D:11     | Reached XP level 11. HP: 58/58 MP: 20/20
  9807 | D:11     | Found a blossoming altar of Fedhas.
  9902 | D:11     | Noticed a cyan ugly thing
  9911 | D:11     | Killed a cyan ugly thing
  9911 | D:11     | Reached *** piety under Kikubaaqudgha
  9911 | D:11     | Identified Kikubaaqudgha's Volume of Black Arts
                  | (Kikubaaqudgha gifted it to you on level 11 of the Dungeon)
  9911 | D:11     | Received a gift from Kikubaaqudgha
 10555 | D:10     | Noticed a tengu warrior
 10570 | D:10     | Killed a tengu warrior
 10703 | D:10     | Reached skill level 11 in Unarmed Combat
 10749 | D:10     | Found a staircase to the Orcish Mines.
 10758 | D:10     | Noticed a red ugly thing
 10777 | D:10     | Killed a red ugly thing
 11030 | Lair:1   | Entered Level 1 of the Lair of Beasts
 11037 | Lair:1   | Reached skill level 5 in Necromancy
 11085 | Lair:1   | Learned a level 5 spell: Agony
 11325 | Lair:1   | Reached **** piety under Kikubaaqudgha
 11541 | Lair:1   | Gained mutation: You heal very quickly. [Vine Stalker
                  | growth]
 11541 | Lair:1   | Reached XP level 12. HP: 62/64 MP: 22/22
 11792 | Lair:1   | You fall into a shaft and drop 1 floor!
 11792 | Lair:2   | Found a staircase to the Swamp.
 11939 | Lair:2   | Noticed Erica
 11961 | Lair:1   | Reached skill level 12 in Unarmed Combat
 12496 | Lair:2   | Killed Erica
 12503 | Lair:2   | Reached skill level 5 in Evocations
 13246 | Lair:3   | Noticed an eight-headed hydra
 13252 | Lair:3   | Killed an eight-headed hydra
 13265 | Lair:3   | Reached ***** piety under Kikubaaqudgha
 13562 | Lair:3   | Found a hole to the Spider Nest.
 13610 | Lair:3   | Reached XP level 13. HP: 64/70 MP: 17/23
 13887 | Lair:3   | Got a smelly scale mail
 13888 | Lair:3   | Identified the +1 scale mail of Xom's Supremacy {rPois rN+}
                  | (You found it on level 3 of the Lair of Beasts)
 14089 | Lair:4   | Reached skill level 13 in Unarmed Combat
 14262 | D:11     | Bought a scroll of acquirement for 780 gold pieces
 14738 | Lair:4   | You fall into a shaft and drop 2 floors!
 14738 | Lair:6   | Entered Level 6 of the Lair of Beasts
 14739 | Lair:6   | Noticed a dire elephant
 14857 | Lair:5   | Found a staircase to the Slime Pits.
 14858 | Lair:5   | Found a viscous altar of Jiyva.
 15007 | Lair:4   | You fall into a shaft and drop 2 floors!
 16986 | Lair:6   | Reached XP level 14. HP: 70/76 MP: 25/25
 16989 | Lair:6   | Reached skill level 14 in Unarmed Combat
 17065 | Lair:6   | Killed a dire elephant
 17702 | Orc:1    | Entered Level 1 of the Orcish Mines
 17845 | Orc:1    | Found a roughly hewn altar of Beogh.
 17975 | Orc:1    | Reached ****** piety under Kikubaaqudgha
 17983 | Orc:1    | Received a gift from Kikubaaqudgha
 17995 | Orc:1    | Learned a level 6 spell: Death Channel
 18566 | Orc:2    | Entered Level 2 of the Orcish Mines
 18574 | Orc:2    | Noticed Jorgrun
 18578 | Orc:1    | Reached skill level 10 in Fighting
 18700 | D:10     | Killed Sonja
 18923 | D:12     | Reached skill level 10 in Necromancy
 19148 | D:12     | Reached skill level 1 in Armour
 19947 | D:13     | Noticed Rupert
 20053 | D:11     | Bought a scroll of blinking for 112 gold pieces
 20311 | Orc:2    | Found a shimmering altar of Xom.
 20329 | Orc:2    | Found a staircase to the Elven Halls.
 20476 | Orc:2    | Killed Jorgrun
 20789 | Orc:2    | Reached skill level 15 in Unarmed Combat
 21080 | Orc:2    | Reached XP level 15. HP: 81/81 MP: 26/26
 21122 | Orc:2    | Found Oleezik's Magic Scroll Boutique.
 21124 | Orc:2    | Found Uffierry's Weapon Boutique.
 21125 | Orc:2    | Found Wusi's General Store.
 21135 | Orc:2    | Found Urghuasi's Gadget Shop.
 21905 | D:13     | Reached skill level 5 in Dodging
 21934 | D:13     | Found a burning altar of Makhleb.
 22660 | D:14     | You fall into a shaft and drop 1 floor!
 22660 | D:15     | Entered Level 15 of the Dungeon
 23655 | D:14     | Found a gate to the Vaults.
 23776 | D:14     | Found a portal to a secret trove of treasure.
 24250 | D:15     | Found a hide-covered altar of Uskayaw.
 24851 | D:15     | Found a staircase to the Depths.
 25461 | Swamp:1  | Entered Level 1 of the Swamp
 25890 | Swamp:1  | Noticed a tentacled monstrosity
 25902 | Swamp:1  | Killed a tentacled monstrosity
 26090 | Swamp:1  | Reached XP level 16. HP: 84/87 MP: 10/27
 26247 | Swamp:2  | Reached skill level 16 in Unarmed Combat
 26282 | Swamp:2  | Noticed a thorn hunter
 26331 | Swamp:1  | Upgraded the game from 0.24.0-28-g17ded55e90 to
                  | 0.24.0-29-g8ce449bc06
 26337 | Swamp:2  | Killed a thorn hunter
 26739 | Swamp:2  | Found a transporter.
 26863 | Swamp:2  | Found a transporter.
 26879 | Swamp:2  | Learned a level 1 spell: Animate Skeleton
 26885 | Swamp:2  | Noticed a thorn hunter
 26893 | Swamp:2  | Killed a thorn hunter
 26930 | Swamp:2  | Got a brightly glowing copper ring
 26932 | Swamp:2  | Identified the ring of Xom's Bemusement {rPois rC- MR++
                  | Str+4 Dex-3 SInv} (You found it on level 2 of the Swamp)
 26942 | Swamp:2  | Got a scorched bronze ring
 26944 | Swamp:2  | Identified the ring "Notax" {rElec rF++ rC+ rCorr Int-5}
                  | (You found it on level 2 of the Swamp)
 27464 | Swamp:3  | Noticed a thorn hunter
 27472 | Swamp:2  | HP: 4/87 [alligator[an alligator] (7)]
 27473 | Swamp:2  | Mangled by a thorn hunter

Levels and vault maps discovered:
D:1:      dpeg_arrival_brainrot, layout_basic
D:2:      layout_loops_cross, makhleb_heckhound_becter, serial_forest,
          infiniplex_forest_straight_2, infiniplex_forest_lined_1,
          infiniplex_forest_clump_cross, infiniplex_forest_clump_tiny,
          infiniplex_forest_clump_medium, infiniplex_forest_clump_diagonal,
          infiniplex_forest_lined_3, infiniplex_forest_straight_2
D:3:      layout_rooms, tso_metal_star, cheibriados_altar_1,
          portal_sewer_entry_b, first_ration, roderic_batcave,
          chequers_decorated_corner, nemelex_spade_bored_becter
D:4:      layout_basic, solitary_fountain, chequers_serial_rivers_small_3,
          uniq_menkaure
D:5:      layout_basic, lemuel_doored_altar, ashenzari_altar_1,
          minmay_temple_entry_poolview
D:6:      layout_rooms, basic_altar, serial_shops, shop, uniq_eustachio
D:7:      cheibrodos_iron_armory, layout_basic, uniq_duvessa
D:8:      layout_loops_ring, elyvilon_altar_5, nicolae_overflow_hidden_temple
D:9:      layout_basic
D:10:     layout_cave_pools, due_lair_maze_entry_diamond, orc_0_dummy,
          grunt_tengu_nest, minmay_misc_feat_alley, serial_bayou_pond_b,
          uniq_sonja
D:11:     layout_loops_ring, serial_shops, shop, fedhas_altar_3
D:12:     layout_grid_maze
D:13:     minmay_polygon_palace, layout_basic, basic_altar, uniq_rupert
D:14:     layout_stronghold, grunt_vaults_entry_fortified, minmay_crystal_water,
          nicolae_trove_entry_free_sample, grunt_ministairs_9, chequers_jeans
D:15:     grunt_enter_depths_hoard, layout_loops_ring, basic_altar,
          minmay_misc_feat_plants
Temple:   grunt_temple_mini_profane
Lair:1:   layout_cave_pods, gauntlet_entry_generic, st_stairs_12,
          cheibrodos_lair_reptile_den
Lair:2:   layout_regular_city, minmay_swamp_entry_reptiles,
          chequers_serial_rivers_micro_e, beast_lair_carwin_10,
          lemuel_fruit_tree, grunt_megastairs_3, uniq_erica
Lair:3:   layout_concentric_octagons, dummy_spider_entry, forest_entry_grove,
          lemuel_fruit_fields
Lair:4:   layout_regular_city, grunt_megastairs_5
Lair:5:   layout_hall_layers, slime_altar_1, infiniplex_staircase_pool
Lair:6:   grunt_lair_end_beastmaster, layout_hall_layers
Swamp:1:  layout_basic_swamp, nicolae_swamp_fairy_circle
Swamp:2:  gammafunk_its_a_trap, layout_falls_marsh, hangedman_swamp_lotus
Swamp:3:  layout_basic_swamp, hangedman_swamp_ruin_hall,
          cheibrodos_swamp_pet_leeches
Orc:1:    layout_caves, basic_altar, nicolae_orc_crystal_geode
Orc:2:    st_orc_open, layout_diamond_mine, portal_ice_cave_demonic_guard,
          basic_altar, uniq_jorgrun

Skill      XL: |  1  2  3  4  5  6  7  8  9 10 11 12 13 14 15 16 |
---------------+-------------------------------------------------+-----
Fighting       | 1 2 3 4 6 7 8 9 10 11 | 11.3
Transmutations | 3 4 5 6 7 8 9 |  9.2
Spellcasting   | 3 4 5 6 7 |  7.3
Unarmed Combat | 4 5 6 8 10 11 12 13 15 16 | 16.3
Necromancy     | 1 3 6 8 9 11 12 | 12.5
Evocations     | 2 4 5 6 |  6.0
Dodging        | 3 4 6 |  6.4
Armour         | 2 4 |  4.3

Action                   |  1- 3 |  4- 6 |  7- 9 | 10-12 | 13-15 | 16-18 || total
-------------------------+-------+-------+-------+-------+-------+-------++-------
Melee: Unarmed           |    84 |   200 |   340 |   445 |   727 |    98 ||  1894
       Headbutt          |     4 |     5 |    16 |       |       |       ||    25
       Bite              |    15 |    45 |    98 |   123 |   236 |    30 ||   547
       Kick              |     8 |    21 |    28 |       |       |       ||    57
       Punch             |       |     2 |     9 |    22 |    66 |    12 ||   111
       Staff             |       |       |       |       |    67 |       ||    67
Throw: Dart              |       |     7 |       |       |     5 |       ||    12
 Cast: Beastly Appendage |    15 |    23 |    22 |       |       |       ||    60
       Sticks to Snakes  |       |     2 |     3 |     1 |       |       ||     6
       Blade Hands       |       |       |    17 |    66 |   137 |    14 ||   234
       Agony             |       |       |       |     3 |    16 |       ||    19
       Death Channel     |       |       |       |       |    48 |     4 ||    52
Invok: Receive Necronomi |       |       |       |       |     1 |       ||     1
       Receive Corpses   |       |       |       |       |       |     1 ||     1
 Abil: End Transformatio |       |       |       |     1 |     3 |       ||     4
Evoke: Wand              |       |       |       |       |     4 |     2 ||     6
  Use: Scroll            |       |     1 |     6 |    10 |    18 |     2 ||    37
       Potion            |       |       |       |     1 |     3 |       ||     4
 Stab: Sleeping          |       |     3 |       |       |       |       ||     3
       Distracted        |       |       |       |     1 |     8 |       ||     9
  Eat: Chunk             |     3 |     7 |    19 |    34 |    73 |     3 ||   139
       Ration            |       |       |     1 |     2 |    14 |     3 ||    20
Armor: Robe              |     8 |    49 |       |       |       |       ||    57
       Leather armour    |       |     4 |    54 |    90 |   166 |       ||   314
       Ring mail         |       |       |    13 |       |       |       ||    13
       Swamp dragon scal |       |       |       |       |     6 |    25 ||    31
       Scale mail        |       |       |       |       |     1 |       ||     1
Dodge: Dodged            |    43 |   128 |   177 |   175 |   437 |    77 ||  1037
       Deflected         |       |       |       |       |     6 |     5 ||    11
